 Dungeon Crawl Stone Soup version 0.20-a0-927-g1ae2c61 (webtiles) character file.

4356 lauthentik the Cleaver (level 10, -15/88 HPs)
             Began as a Hill Orc Fighter on Mar 28, 2017.
             Was a Believer of Beogh.
             Killed by the air
             ... invoked by Gastronok
              (18 damage)
             ... on level 8 of the Dungeon.
             The game lasted 00:27:54 (6226 turns).

lauthentik the Cleaver (Hill Orc Fighter)           Turns: 6226, Time: 00:27:55

Health: -15/88     AC: 19    Str: 23    XL:     10   Next: 34%
Magic:  0/27       EV:  6    Int: 12    God:    Beogh [**....]
Gold:   326        SH: 11    Dex: 12    Spells: 9/9 levels left

rFire    . . .     SeeInvis .   a - +0 war axe
rCold    . . .     Gourm    .   c - +0 shield
rNeg     + . .     Faith    .   v - +1 plate armour
rPois    .         Spirit   +   B - +0 helmet
rElec    .         Reflect  .   j - scarf {Spirit}
rCorr    .         Harm     .   F - +1 pair of gloves
MR       .....                  L - +0 pair of boots
Stlth    ..........             (no amulet)
Regen    0.3/turn               G - ring of magical power
MPRegen  0.2/turn               b - ring "Agecw" {+Blink rN+ MP+9 Str+4 Int+4}

@: no status effects
A: low mp 1, mutation resistance 1, weak 1, wild magic 1, sturdy frame 1
a: Smiting, Renounce Religion, Evoke Blink


You were on level 8 of the Dungeon.
You worshipped Beogh.
Beogh was pleased with you.
You were hungry.

You visited 1 branch of the dungeon, and saw 8 of its levels.

You collected 376 gold pieces.
You spent 50 gold pieces at shops.

Inventory:

Hand Weapons
 a - a +0 war axe (weapon)
 m - a +0 battleaxe
Missiles
 J - 14 tomahawks (quivered)
Armour
 c - a +0 shield (worn)
 j - a scarf of spirit shield (worn)
 v - a +1 plate armour (worn)
 B - a +0 helmet (worn)
 F - a +1 pair of gloves (worn)
 L - a +0 pair of boots (worn)
Jewellery
 b - the ring "Agecw" (right hand) {+Blink rN+ MP+9 Str+4 Int+4}
   (You found it on level 7 of the Dungeon)

   [ring of magical power]

   It affects your strength (+4).
   It affects your intelligence (+4).
   It protects you from negative energy.
   It affects your magic capacity (+9).
   It lets you blink.
 l - an uncursed ring of magical power
 p - a -3 ring of evasion
 G - a ring of magical power (left hand)
Wands
 D - a wand of enslavement (22/24)
 M - a wand of acid (5/15)
Scrolls
 e - 3 scrolls of teleportation
 h - 5 scrolls of identify
 n - a scroll of amnesia {unknown}
 o - 2 scrolls of enchant weapon {unknown}
 q - 2 scrolls of enchant armour
 s - a scroll of remove curse
 y - a scroll of random uselessness {unknown}
 A - 2 scrolls of recharging
 C - a scroll of fear {unknown}
 E - 2 scrolls of immolation {unknown}
 H - 2 scrolls of magic mapping {unknown}
Potions
 d - a potion of might
 g - 8 potions of curing
 i - a potion of degeneration {unknown}
 r - 3 potions of lignification
 t - 2 potions of cancellation {unknown}
 u - 2 potions of heal wounds
 w - a potion of mutation {unknown}
 K - a potion of resistance {unknown}
 O - a potion of magic
Books
 I - a book of Necromancy

   Spells                             Type                      Level
   a - Pain                           Necromancy                   1
   b - Animate Skeleton               Necromancy                   1
   c - Vampiric Draining              Necromancy                   3
   d - Regeneration                   Charms/Necromancy            3
   e - Animate Dead                   Necromancy                   4
   f - Control Undead                 Necromancy                   4
Comestibles
 f - 5 bread rations
 k - 8 royal jellies
 x - 6 meat rations


   Skills:
 + Level 7.7 Fighting
 + Level 12.0 Axes
 + Level 3.3 Throwing
 + Level 7.4 Armour
 + Level 0.5 Dodging
 + Level 0.5 Stealth
 + Level 8.2 Shields
 + Level 0.2 Evocations


You had 9 spell levels left.
You didn't know any spells.

Dungeon Overview and Level Annotations

Branches:
Dungeon (8/15)             Temple (0/1) D:5
   Lair: D:8-11

Altars:
Dithmenos
Elyvilon
Hepliaklqana
Kikubaaqudgha
Makhleb
Qazlal
Trog
Xom
The Shining One

Shops:
D:4 !

Annotations:
D:6 Prince Ribbit
D:8 Gastronok


Innate Abilities, Weirdness & Mutations

Your magical capacity is low. (-10% MP)
You are somewhat resistant to further mutation.
You are weak. (Str -2)
Your spells are a little harder to cast, but a little more powerful.
Your movements are slightly less encumbered by armour. (ER -2)


Message History

You block the necrophage's attack.
Gastronok's eyestalks quiver as he mumbles some strange words.
You hit the necrophage but do no damage.
The necrophage is severely damaged.
The necrophage hits you.
* * * LOW HITPOINT WARNING * * *
You hit the necrophage but do no damage.
The necrophage is severely damaged.
The necrophage closely misses you.
Gastronok waves his eye-stalks in wide circles.
The air twists around and strikes you!
* * * LOW HITPOINT WARNING * * *
Your shield and plate armour prevent you from hitting the necrophage.
The necrophage is severely damaged.
You block the necrophage's attack.
You hit the necrophage.
The necrophage is almost destroyed.
Gastronok waves his eye-stalks in wide circles.
The air twists around and strikes you!
You die...

#......##########
#...............#
#####...........#
#...........# ###
#...........# ....
#...........+ .....
##...........#
.....r#####.........##.#
.....rn@..'.....>)[)+ #
...w..#####.........####
..... ########......
.... ######...... ...
#.........## ..
#.........+ #
#.........# #.......).#
#.........#


You could see Gastronok, a necrophage, a river rat and a rat.

Vanquished Creatures
  Pikel (D:6)
  The ghost of DEFE the Ducker, a novice DEAK of Lugonu (D:6)
  A troll (D:8)
  Grinder (D:6)
  The ghost of Paps the Slasher, an amateur MiFi (D:4)
  4 hogs (D:7)
  A human (D:7)
  Menkaure (D:7)
  4 sky beasts
  2 phantoms
  An ice beast (D:5)
  A necrophage (D:5)
  A centaur (D:6)
  An ogre (D:6)
  A bullfrog (D:8)
  A wyvern skeleton (D:6)
  8 killer bees (D:7)
  4 wights (D:8)
  2 crimson imps
  A jelly (D:5)
  2 hounds
  An orc priest (D:6)
  A centaur skeleton (D:4)
  2 orc wizards (D:6)
  9 worker ants
  A killer bee zombie (D:7)
  2 hound skeletons
  2 worker ant zombies
  5 gnolls
  5 adders
  2 oozes
  5 adder skeletons
  A worm (D:2)
  2 dart slugs
  A leopard gecko (D:6)
  7 orcs
  A ball python (D:1)
  11 bats
  4 giant cockroaches
  9 goblins
  5 hobgoblins
  4 jackals (D:4)
  3 quokkas
  10 frilled lizards
  7 kobolds
  A leopard gecko skeleton (D:5)
  A quokka skeleton (D:6)
  8 rats
150 creatures vanquished.

Vanquished Creatures (others)
  2 slaves (D:6)
  A bullfrog (D:6)
3 creatures vanquished.

Grand Total: 153 creatures vanquished

Notes
Turn   | Place    | Note
-------+----------+-------------------------------------------
     0 | D:1      | lauthentik the Hill Orc Fighter began the quest for the Orb.
     0 | D:1      | Reached XP level 1. HP: 19/19 MP: 1/1
   133 | D:1      | Reached XP level 2. HP: 23/27 MP: 2/2
   134 | D:1      | Reached skill level 3 in Axes
   362 | D:1      | Reached XP level 3. HP: 33/33 MP: 3/3
   957 | D:2      | Reached XP level 4. HP: 26/40 MP: 4/4
  1658 | D:3      | Found a shimmering altar of Xom.
  1794 | D:3      | Found a shadowy altar of Dithmenos.
  2199 | D:4      | Found a bloodstained altar of Trog.
  2221 | D:4      | Reached skill level 4 in Axes
  2253 | D:4      | Noticed a phantom
  2266 | D:4      | Reached skill level 1 in Throwing
  2266 | D:4      | Reached XP level 5. HP: 47/47 MP: 5/5
  2321 | D:4      | Killed a phantom
  2329 | D:4      | Reached XP level 6. HP: 31/53 MP: 6/6
  2397 | D:4      | Became a worshipper of Beogh the Brigand
  2443 | D:4      | Noticed Paps's ghost (amateur MiFi)
  2463 | D:4      | Killed Paps's ghost
  2463 | D:4      | Reached skill level 5 in Axes
  2463 | D:4      | Reached skill level 5 in Shields
  2469 | D:4      | Found Pun Palu's Distillery.
  2478 | D:4      | Bought a potion of heal wounds for 50 gold pieces
  2530 | D:4      | Found a white marble altar of Elyvilon.
  2738 | D:4      | Reached skill level 5 in Fighting
  2738 | D:4      | Reached XP level 7. HP: 31/61 MP: 7/7
  2768 | D:4      | Found a glowing golden altar of the Shining One.
  2922 | D:5      | Entered Level 5 of the Dungeon
  3042 | D:5      | Found an ancient bone altar of Kikubaaqudgha.
  3061 | D:5      | Reached skill level 6 in Axes
  3191 | D:5      | Found a staircase to the Ecumenical Temple.
  3249 | D:5      | Reached skill level 7 in Axes
  3268 | D:5      | Reached * piety under Beogh
  3281 | D:5      | Gained mutation: Your movements are slightly less encumbered by armour. (ER -2) [mutagenic meat]
  3282 | D:5      | Gained mutation: Your spells are a little harder to cast, but a little more powerful. [mutagenic meat]
  3283 | D:5      | Gained mutation: You are weak. (Str -2) [mutagenic meat]
  3284 | D:5      | Gained mutation: Your magical capacity is low. (-10% MP) [mutagenic meat]
  3444 | D:5      | Reached XP level 8. HP: 67/67 MP: 7/7
  3719 | D:6      | Noticed Prince Ribbit
  3721 | D:6      | Noticed Grinder
  3729 | D:6      | Reached skill level 8 in Axes
  3729 | D:6      | Reached skill level 5 in Armour
  3749 | D:6      | Paralysed by Grinder for 3 turns
  3810 | D:7      | Got a glittering pewter ring
  4168 | D:6      | Killed Grinder
  4243 | D:6      | Noticed DEFE's ghost (novice DEAK)
  4262 | D:6      | Killed DEFE's ghost
  4262 | D:6      | Reached skill level 9 in Axes
  4281 | D:6      | Reached XP level 9. HP: 47/75 MP: 8/8
  4364 | D:6      | Found a stormy altar of Qazlal.
  4455 | D:6      | Noticed Pikel
  4484 | D:6      | Killed Pikel
  4559 | D:6      | Reached skill level 10 in Axes
  4976 | D:6      | Gained mutation: You are somewhat resistant to further mutation. [mutagenic meat]
  5032 | D:6      | Found a burning altar of Makhleb.
  5032 | D:6      | Found a bloodstained altar of Trog.
  5033 | D:6      | Found a hazy altar of Hepliaklqana.
  5168 | D:7      | Reached ** piety under Beogh
  5248 | D:7      | Reached skill level 11 in Axes
  5840 | D:7      | Reached XP level 10. HP: 65/86 MP: 9/9
  5921 | D:7      | Noticed Menkaure
  5927 | D:7      | Killed Menkaure
  5996 | D:7      | Identified the ring "Agecw" {+Blink rN+ MP+9 Str+4 Int+4} (You found it on level 7 of the Dungeon)
  6209 | D:8      | Noticed Gastronok
  6214 | D:8      | Reached skill level 12 in Axes
  6224 | D:8      | HP: 2/88 [Gastronok/the air (14)]
  6226 | D:8      | Killed from afar by Gastronok

Vault maps used:
D:1:      dpeg_arrival_stone_temple_mockup, minmay_parallelograms,
          minmay_shallow_snake_nest
D:2:      minmay_misc_feat_chi
D:3:      lemuel_round_altar, lemuel_doored_altar
D:4:      tso_oasis_becter, elyvilon_altar_5, serial_shops, shop, bloody_trog
D:5:      minmay_temple_entry_junction, basic_altar, first_bread, st_stairs_3,
          glass_columns_a
D:6:      grunt_qazlal_clouds, gammafunk_temple_overflow_claw, uniq_pikel,
          uniq_prince_ribbit1, uniq_grinder
D:7:      grunt_livestock, uniq_menkaure
D:8:      uniq_gastronok

Skill      XL: |  1  2  3  4  5  6  7  8  9 10 |
---------------+-------------------------------+-----
Axes           | 3 4 5 7 9 11 12 | 12.0
Fighting       | 4 5 6 7 |  7.7
Throwing       | 1 2 3 |  3.3
Shields        | 4 5 6 7 8 |  8.2
Armour         | 4 6 7 |  7.4
Dodging        | |  0.5
Stealth        | |  0.5
Evocations     | |  0.2

Action                   |  1- 3 |  4- 6 |  7- 9 | 10-12 || total
-------------------------+-------+-------+-------+-------++-------
Melee: War axe           |   111 |   219 |   436 |    75 ||   841
Throw: Stone             |    23 |    70 |    73 |       ||   166
       Tomahawk          |       |       |     4 |     5 ||     9
Invok: Convert to Beogh  |       |     1 |       |       ||     1
Evoke: Wand              |       |       |     2 |       ||     2
  Use: Scroll            |       |     1 |     5 |     2 ||     8
       Potion            |       |       |     6 |       ||     6
  Eat: Chunk             |       |     7 |    16 |     2 ||    25
Armor: Scale mail        |    49 |    64 |       |       ||   113
       Plate armour      |       |   107 |   282 |    35 ||   424
Dodge: Dodged            |    32 |    19 |    35 |     8 ||    94
Block: Shield            |    62 |   129 |   236 |    41 ||   468
